Map: Bridgehead LE (Void)

Players

Amnesty

  • Race: Terran Terran
  • League: Bronze

HzVee

  • Race: Protoss Protoss
  • League: Bronze

VOD

Have the link to the VOD?

Description

Time

  • Played on: Oct. 19, 2015, 3:57 a.m.
  • Length: 11:19
Show
View Real Time Build Order
Export as new Build Order

Amnesty Terran 

Build Orders:  

Get SALT Encoding   

  12  0:02  SCV  
  13  0:14  SCV  
  14  0:21  Supply Depot  
  14  0:26  SCV  
  15  0:45  Barracks  
  15  0:47  SCV  
  16  0:52  Refinery  
  16  0:59  Supply Depot, SCV  
  17  1:11  SCV  
  18  1:24  SCV  
  19  1:30  Supply Depot  
  19  1:36  Orbital Command  
  19  1:41  Barracks  
  19  1:47  Refinery  
  19  1:57  Barracks Tech Lab  
  19  2:05  SCV  
  20  2:17  SCV  
  21  2:29  SCV  
  22  2:31  Command Center  
  22  2:41  Barracks Reactor, SCV  
  22  2:43  Engineering Bay  
  23  2:45  Combat Shields  
  23  2:53  SCV  
  24  3:10  Marauder  
  26  3:15  Terran Infantry Weapons Level 1  
  26  3:18  Engineering Bay  
  26  3:27  Missile Turret  
  26  3:37  Marine x2  
  26  3:41  Marauder  
  30  3:48  SCV, Sensor Tower  
  30  3:52  Orbital Command  
  30  3:54  Marine  
  30  3:55  Marine  
  33  4:00  Refinery  
  33  4:01  SCV  
  34  4:04  Concussive Shells  
  34  4:06  Terran Infantry Armor Level 1  
  34  4:13  SCV  
  34  4:15  Refinery  
  35  4:20  Marine x2, Marauder  
  39  4:25  SCV  
  40  4:31  Missile Turret  
  40  4:43  Marauder  
  40  4:45  Marine  
  43  4:48  Marine  
  43  4:52  SCV  
  45  5:00  SCV  
  45  5:01  Missile Turret  
  45  5:04  SCV  
  47  5:12  SCV  
  48  5:16  Supply Depot, SCV  
  49  5:24  SCV  
  49  5:26  Factory, Missile Turret  
  50  5:28  SCV  
  51  5:36  SCV  
  51  5:39  Supply Depot  
  51  5:41  Marauder  
  51  5:42  Marine x2  
  56  5:54  SCV  
  57  5:59  SCV  
  57  6:00  Marine x2  
  57  6:02  Marauder  
  62  6:04  Supply Depot  
  62  6:06  SCV  
  62  6:11  SCV  
  62  6:18  SCV, Marine  
  50  6:27  Supply Depot  
  50  6:28  Marauder  
  50  6:30  Marine  
  53  6:35  Marine  
  54  6:46  Command Center  
  54  6:48  Marine  
  54  6:50  Supply Depot, Marauder  
  54  6:53  Marine  
  58  7:01  Missile Turret  
  58  7:04  Barracks  
  58  7:06  Marine  
  58  7:07  Barracks  
  59  7:08  Armory  
  59  7:10  Factory Reactor  
  59  7:11  Marauder, Marine  
  62  7:16  Starport  
  62  7:21  Supply Depot  
  62  7:30  Marine  
  62  7:31  Marine  
  62  7:32  Marauder  
  66  7:40  Missile Turret  
  66  7:44  Supply Depot  
  66  7:48  Marine x2  
  68  7:54  Marauder  
  68  7:58  Terran Infantry Weapons Level 2  
  70  7:59  Refinery, Terran Infantry Armor Level 2  
  70  8:02  Refinery  
  70  8:04  Medivac x2  
  74  8:06  Marine x2  
  74  8:08  Barracks Tech Lab  
  74  8:10  Barracks Reactor  
  76  8:15  Marine  
  76  8:17  Supply Depot  
  76  8:18  Supply Depot  
  77  8:21  Supply Depot  
  77  8:24  Planetary Fortress  
  77  8:33  Medivac  
  77  8:34  Medivac  
  81  8:39  Marauder x2  
  81  8:40  Marine x2  
  87  8:47  Marine  
  88  8:49  Marine  
  89  8:58  Marine x2  
  89  9:00  Marauder x2  
  95  9:21  Marauder x2  
  99  9:33  Marine x4  
  103  9:43  Marauder x2  
  103  9:44  Medivac x2  
  111  9:50  Marine  
  111  9:51  Marine x3  
  115  10:04  Marauder x2  
  119  10:08  Marine x2  
  119  10:09  Marine x2  
  119  10:14  Medivac x2  
  126  10:25  Marauder x2  
  126  10:26  Marine x2  
  133  10:42  SCV  
  133  10:47  Marauder x2  
  137  10:53  Supply Depot  
  137  10:54  SCV  
  137  10:55  Factory Tech Lab  
  125  11:07  SCV  
  117  11:16  Supply Depot  
Show
View Real Time Build Order
Export as new Build Order

HzVee Protoss 

Build Orders:  

Get SALT Encoding   

  12  0:02  Probe (Chrono Boost)  
  13  0:12  Probe (Chrono Boost)  
  14  0:23  Probe (Chrono Boost), Pylon  
  15  0:36  Assimilator  
  15  0:41  Probe (Chrono Boost)  
  16  0:44  Gateway  
  16  0:52  Probe (Chrono Boost)  
  17  1:03  Probe (Chrono Boost)  
  18  1:10  Gateway  
  18  1:21  Forge  
  18  1:26  Probe (Chrono Boost)  
  19  1:34  Cybernetics Core  
  19  1:36  Zealot  
  21  1:42  Pylon  
  21  1:46  Probe (Chrono Boost)  
  22  1:51  Assimilator  
  22  2:00  Probe (Chrono Boost)  
  23  2:11  Pylon  
  23  2:19  Probe (Chrono Boost)  
  24  2:25  Adept x2  
  24  2:27  Warp Gate (Chrono Boost)  
  28  2:30  Probe  
  29  2:38  Photon Cannon  
  29  2:42  Probe  
  30  3:02  Twilight Council  
  30  3:04  Probe  
  31  3:19  Nexus  
  31  3:26  Pylon  
  31  3:29  Probe  
  32  3:41  Mothership Core  
  32  3:43  Pylon  
  32  3:48  Resonating Glaives  
  34  4:02  Probe  
  35  4:12  Robotics Facility  
  35  4:15  Protoss Ground Weapons Level 1 (Chrono Boost)  
  35  4:25  Pylon  
  35  4:31  Probe  
  36  4:40  Assimilator  
  36  4:41  Probe  
  36  4:44  Adept x2  
  41  4:52  Probe, Gateway  
  42  5:02  Probe  
  42  5:05  Observer  
  44  5:13  Probe  
  45  5:22  Assimilator  
  45  5:23  Probe  
  45  5:26  Immortal  
  50  5:35  Nexus  
  50  5:37  Pylon  
  50  5:42  Pylon  
  50  5:57  Stalker x2, Protoss Shields Level 1 (Chrono Boost)  
  50  6:01  Stalker  
  46  6:30  Stalker x3  
  52  6:49  Probe  
  52  6:53  Immortal (Chrono Boost)  
  57  7:00  Probe  
  57  7:04  Photon Cannon  
  58  7:10  Probe, Photon Cannon  
  59  7:19  Stalker x3  
  59  7:21  Probe  
  66  7:25  Probe  
  67  7:33  Probe  
  67  7:34  Immortal (Chrono Boost)  
  67  7:35  Probe  
  72  7:42  Blink (Chrono Boost)  
  73  7:47  Probe  
  74  7:54  Stalker x2  
  78  7:59  Probe  
  78  8:00  Stalker  
  81  8:11  Probe  
  82  8:13  Gateway  
  82  8:20  Pylon  
  82  8:27  Stalker x3  
  82  8:32  Protoss Ground Weapons Level 2  
  88  8:40  Probe  
  89  8:45  Photon Cannon  
  89  8:52  Probe  
  90  9:04  Probe  
  91  9:13  Gateway  
  91  9:14  Pylon  
  91  9:15  Gateway  
  91  9:18  Nexus  
  91  9:23  Stalker x2  
  91  9:24  Stalker x2  
  99  9:44  Probe, Assimilator  
  100  9:54  Stalker  
  100  9:55  Stalker x3  
  100  9:56  Probe  
  99  10:26  Stalker  
  101  10:40  Pylon  
  101  10:43  Stalker x5  
  111  10:56  Pylon  
  111  10:57  Pylon  
  111  11:00  Nexus  
Tags
 
Add a new tag
Caveats
  • Supply blocks, unpowered buildings, or Contaminate may cause inaccurate times.
  • Supply counts are checked every 10 seconds.